 Dungeon Crawl Stone Soup version 0.30-a0-757-ga6a79fd877 (webtiles) character file.

Game seed: 13291041966959660012

33 theblackgale the Firebug (level 3, 0/24 HPs)
             Began as a Demonspawn Fire Elementalist on Feb 8, 2023.
             Slain by a jackal (1 damage)
             ... on level 2 of the Dungeon on Feb 9, 2023.
             The game lasted 00:16:13 (1338 turns).

theblackgale the Firebug (DsFE)                     Turns: 1338, Time: 00:16:14

Health: 0/24       AC:  5    Str:  8    XL:     3   Next: 12%
Magic:  1/6        EV: 10    Int: 16    God:
Gold:   57         SH:  0    Dex: 15    Spells: 5/6 levels left

rFire   . . .      SeeInvis .    k - +0 spear (flame)
rCold   . . .      Faith    .    (no shield)
rNeg    . . .      Spirit   .    g - +0 ring mail
rPois   .          Reflect  .    (no helmet)
rElec   .          Harm     .    (no cloak)
rCorr   .          Rampage  .    (no gloves)
Will    .....                    (no boots)
Stlth   +                        (no amulet)
HPRegen 0.24/turn                (no ring)
MPRegen 0.10/turn                (no ring)

@: no status effects
A: demonic magic 2
a: no special abilities


You were on level 2 of the Dungeon.
You visited 1 branch of the dungeon, and saw 2 of its levels.

You collected 57 gold pieces.

Inventory:

Hand Weapons
 d - a +0 dagger
 j - a +0 short sword of flaming
 k - a +0 spear of flaming (weapon)
Missiles
 c - 7 poisoned darts (quivered)
Armour
 a - a +0 robe
 g - a +0 ring mail (worn)
Scrolls
 h - a scroll of butterflies {unknown}
 i - a scroll of teleportation {unknown}
 l - a scroll of enchant weapon {unknown}
 m - a scroll of amnesia {unknown}
 n - a scroll of identify {unknown}
Potions
 b - a potion of magic
 e - a potion of cancellation {unknown}
 f - 2 potions of degeneration {unknown}


   Skills:
 + Level 0.3 Armour
 + Level 2.0 Dodging
 + Level 1.8 Stealth
 + Level 2.4 Spellcasting
 + Level 1.2 Conjurations
 + Level 3.1 Fire Magic


You had 5 spell levels left.
You knew the following spells:

 Your Spells              Type           Power      Damage    Failure   Level
a - Foxfire               Conj/Fire      36%        2x1d5     26%         1

Your spell library contained the following spells:

 Spells                   Type           Power      Damage    Failure   Level
 Scorch                   Fire           24%        2d6       26%         2
 Inner Flame              Hex/Fire       7%         N/A       67%         3
 Kindle Blastsparks       Fire/Tloc/Air  10%        2d10      75%         3
 Flame Wave               Conj/Fire      9%         2d6       94%         4


Dungeon Overview and Level Annotations

Branches:
Dungeon (2/15)

Altars:

Shops:
D:1 *


Innate Abilities, Weirdness & Mutations

Spells you cast may paralyse nearby enemies.


Message History

The jackal is almost dead.
The jackal bites you but does no damage.
You closely miss the jackal.
The jackal is almost dead.
The jackal bites you.
You barely miss the jackal.
The jackal is almost dead.
The jackal is no longer paralysed.
The jackal bites you. The worm misses you.
You closely miss the jackal.
The jackal is severely wounded.
The jackal bites you but does no damage.
The worm closely misses you.
You closely miss the jackal.
The jackal is severely wounded.
The jackal bites you but does no damage.
The jackal barely misses you. The jackal bites you.
You closely miss the jackal.
The jackal is severely wounded.
The jackal barely misses you. The jackal bites you. The worm bites you!
* * * LOW HITPOINT WARNING * * *
You hit the jackal but do no damage.
The jackal is almost dead.
The jackal bites you but does no damage. x3
The jackal barely misses you.
You closely miss the jackal.
The jackal is almost dead.
The jackal bites you.
* * * LOW HITPOINT WARNING * * *
The jackal closely misses you. The worm closely misses you.
The jackal barely misses you.
Your magical contamination has completely faded away.
Casting: Foxfire (safe; 26% risk of failure)
Confirm with . or Enter, or press ? or * to list all spells.
There is not enough space to conjure foxfire!
You barely miss the jackal.
The jackal is almost dead.
The jackal closely misses you. The jackal bites you.
* * * LOW HITPOINT WARNING * * *
The jackal bites you.
You die...

... # ##... .## #
..#.# ###g.#.#
.......#######@wh...#
#.. #.......hh##.###
#.#######...h†..#
#..###....####.......
######.....####..
...####
.........##.[...#
#...#
............#####
.#.# .##..########
..... ....## .....


You could see a worm, 4 jackals and a goblin.

Vanquished Creatures
  An adder (D:2)
  A bat (D:1)
  2 endoplasms (D:1)
  A giant cockroach (D:1)
  2 goblins (D:1)
  5 hobgoblins
  2 kobolds
  3 quokkas
  3 frilled lizards (D:1)
  A rat (D:1)
21 creatures vanquished.

Vanquished Creatures (others)
  37 foxfires
37 creatures vanquished.

Grand Total: 58 creatures vanquished

Notes
Turn   | Place    | Note
-------+----------+-------------------------------------------
     0 | D:1      | theblackgale the Demonspawn Fire Elementalist began the
                  | quest for the Orb.
     0 | D:1      | Reached XP level 1. HP: 13/13 MP: 3/3
   287 | D:1      | Found Apuak's Assorted Antiques.
   309 | D:1      | Gained mutation: Spells you cast may paralyse adjacent
                  | enemies. [demonic ancestry]
   309 | D:1      | Reached XP level 2. HP: 5/19 MP: 0/5
   438 | D:1      | Reached skill level 3 in Fire Magic
   704 | D:1      | Upgraded the game from 0.30-a0-748-ge6a52f7cba to
                  | 0.30-a0-757-ga6a79fd877
  1326 | D:2      | Gained mutation: Spells you cast may paralyse nearby
                  | enemies. [demonic ancestry]
  1326 | D:2      | Reached XP level 3. HP: 18/24 MP: 0/6
  1338 | D:2      | HP: 1/24 [jackal (1)]
  1338 | D:2      | Slain by a jackal

Illustrated notes

Levels and vault maps discovered:
D:1:      mrwooster_arrival_statue, layout_basic, serial_shops, shop
D:2:      layout_rooms, minmay_split_cup_large

Skill      XL: |  1  2 |
---------------+-------+-----
Fire Magic     | 3 |  3.1
Dodging        | 2 |  2.0
Armour         | |  0.3
Stealth        | |  1.8
Spellcasting   | |  2.4
Conjurations   | |  1.2

Action                     || total
---------------------------++-------
  Melee: Unarmed           ||    36
         Dagger            ||    19
         Short sword       ||     4
         Spear             ||    12
  Throw: Dart              ||     7
   Cast: Foxfire           ||    27
   Stab: Paralysed         ||     1
 Armour: Robe              ||    11
         Ring mail         ||    19
  Dodge: Dodged            ||    57

Table legend: (Time is in decaauts)
 A = Elapsed time spent in this place.
 B = Non-inter-level travel time spent in this place.
 C = Inter-level travel time spent in this place.
 D = Time resting spent in this place.
 E = Time spent auto-exploring this place.
 F = Levels seen in this place.
 G = Mean time per level.
                   A        B        C        D        E       F      G
               +--------+--------+--------+--------+--------+-----+--------+
         Total |   1337 |    433 |    904 |    191 |      0 |   2 |  668.5 |
       Dungeon |   1337 |    433 |    904 |    191 |      0 |   2 |  668.5 |
               +--------+--------+--------+--------+--------+-----+--------+

Top non-repeatable levels by time:
     D:1: 1161 daAuts
     D:2: 176 daAuts
